 Dungeon Crawl Stone Soup version 0.18.1-47-g9310371 (webtiles) character file.

17493 sveltemanboy the Bludgeoner (level 12, -5/118 HPs)
             Began as an Ogre Hunter on June 19, 2016.
             Was a High Priest of Okawaru.
             Slain by a centaur (9 damage)
             ... in a volcano.
             The game lasted 00:40:06 (12251 turns).

sveltemanboy the Bludgeoner (Ogre Hunter)          Turns: 12251, Time: 00:40:07

Health: -5/118     AC:  7    Str: 24    XL:     12   Next: 48%
Magic:  18/18      EV: 12    Int: 12    God:    Okawaru [*****.]
Gold:   725        SH:  0    Dex: 10    Spells: 0 memorised, 11 levels left

rFire  . . .     SeeInvis .     a - +2 whip (elec)
rCold  + . .     Gourm    .     l - +2 robe {MR+}
rNeg   . . .     Faith    .     (no shield)
rPois  +         Spirit   .     (helmet restricted)
rElec  .         Dismiss  .     r - +1 cloak
rCorr  .         Reflect  .     (gloves unavailable)
SustAt .         Harm     .     (boots unavailable)
MR     ++...                    J - amulet of regeneration
Stlth  +.........               y - ring of poison resistance
                                j - ring of protection from cold

@: marked, very resistant to hostile enchantments, very unstealthy
A: unfitting armour, clever 1, tough skin 1
a: Heroism, Finesse, Renounce Religion


You were in a volcano.
You worshipped Okawaru.
Okawaru was extremely pleased with you.
You were not hungry.

You visited 3 branches of the dungeon, and saw 15 of its levels.
You also visited: Volcano.

You collected 725 gold pieces.

Inventory:

Hand Weapons
 a - a +2 whip of electrocution (weapon)
 E - a cursed -3 giant spiked club
Missiles
 d - 2 throwing nets
 n - 3 javelins (quivered)
 B - 7 tomahawks
 H - 2 large rocks
Armour
 l - a +2 robe of magic resistance (worn)
 r - a +1 cloak (worn)
Rods
 w - a +2 rod of clouds (11/11)
   (You found it on level 6 of the Dungeon)
Jewellery
 j - a ring of protection from cold (left hand)
 y - a ring of poison resistance (right hand)
 J - an amulet of regeneration (around neck)
Wands
 q - a wand of iceblast (10/15)
 F - a wand of random effects (22/48)
Scrolls
 e - 5 scrolls of identify
 h - 2 scrolls of amnesia
 m - a scroll of teleportation
 u - 2 scrolls of enchant armour
 z - 6 scrolls of remove curse
 C - a scroll of fog
Potions
 b - a potion of ambrosia
 k - 5 potions of brilliance
 o - a potion of resistance
 p - 2 potions of lignification
 s - 2 potions of curing
 t - a potion of cure mutation
 x - a potion of cancellation
 A - 3 potions of flight
 G - a potion of haste
 K - a potion of might
Miscellaneous
 L - a phial of floods
Comestibles
 c - 11 chunks of flesh
 f - 13 bread rations
 i - 6 meat rations
 v - 2 royal jellies


   Skills:
 - Level 7.0 Fighting
 * Level 16.9 Maces & Flails
 - Level 4.0 Throwing
 - Level 3.0 Armour
 + Level 7.8 Dodging
 - Level 0.7 Stealth
 - Level 8.2 Invocations
 + Level 5.6 Evocations


You had 11 spell levels left.
You didn't know any spells.

Dungeon Overview and Level Annotations

Branches:
Dungeon (12/15)            Temple (1/1) D:4            Lair (2/8) D:8
    Orc (0/2) D:10

Altars:
Ashenzari
Cheibriados
Dithmenos
Elyvilon
Fedhas
Gozag
Kikubaaqudgha
Makhleb
Nemelex Xobeh
Okawaru
Pakellas
Qazlal
Ru
Sif Muna
Trog
Vehumet
Xom
Yredelemnul
Zin
The Shining One

Shops:
D:8 [

Annotations:
D:12 Nessos


Innate Abilities, Weirdness & Mutations

You are too large for most types of armour.
You have tough skin (AC +1).
Your mind is acute. (Int +2)


Message History

The two-headed ogre hits you with a great mace of flaming!!
* * * LOW HITPOINT WARNING * * *
The two-headed ogre burns you.
* * * LOW HITPOINT WARNING * * *
The two-headed ogre hits you with a great mace of flaming!!
* * * LOW HITPOINT WARNING * * *
The two-headed ogre burns you.
* * * LOW HITPOINT WARNING * * *
Unknown command.
Drink which item? (? for menu, Esc to quit)
Okay, then.
Throwing (i - inventory. (,) - cycle):
n - 4 javelins (quivered)
Press: ? - help, Shift-Dir - straight line, f - two-headed ogre
Aim: a two-headed ogre, wielding two great maces of flaming (almost dead)
You throw a javelin. The javelin hits the two-headed ogre!
You kill the two-headed ogre!
Okawaru accepts your kill.
The centaur unwields an uncursed shortbow of flaming.
It stops flaming.
The centaur hits you!
You die...

≈≈≈≈≈≈≈
≈≈≈≈≈≈≈
≈≈≈≈≈≈≈
≈....≈.
.......##
#....##
##..#.###
#..#.#∩#
#..#.#@#
#..##c##
... ###
.... .≈§≈


You could see a centaur.

Vanquished Creatures
  3 hydras (Lair:1)
  Urug (Lair:1)
  An unseen horror (D:10)
  4 hill giants
  Pikel (D:5)
  A deep elf mage (Volcano)
  Psyche (D:8)
  A rime drake (Lair:2)
  3 spiny frogs (Lair:1)
  A centaur skeleton (D:10)
  A komodo dragon (Lair:2)
  Prince Ribbit (D:7)
  2 two-headed ogres (Volcano)
  3 blink frogs (Lair:1)
  A spriggan (D:10)
  A wyvern (D:11)
  2 fire bats (Volcano)
  8 yaks
  4 hippogriffs
  A steam dragon (D:10)
  2 water moccasins
  Edmund (D:5)
  2 porcupines (Lair:1)
  5 ice beasts
  4 orc warriors
  2 ogres
  2 phantoms
  A black bear (D:9)
  2 necrophages
  3 crocodiles
  2 centaurs
  7 giant frogs
  A big kobold (D:10)
  A water moccasin zombie (D:7)
  2 scorpions
  6 killer bees
  11 wights
  8 howler monkeys
  4 crimson imps
  A centaur zombie (D:7)
  A wasp zombie (D:7)
  2 giant frog zombies (D:10)
  A quasit (D:6)
  6 hounds
  9 orc priests
  5 giant frog skeletons
  A jelly (D:10)
  8 orc wizards
  Jessica (D:2)
  9 iguanas
  8 worker ants
  A hound skeleton (D:6)
  13 adders
  8 gnolls
  13 river rats
  4 shadow imps
  2 adder skeletons
  2 worms (D:2)
  4 giant geckos
  54 orcs
  3 bats
  4 giant cockroaches
  8 hobgoblins
  13 jackals
  10 kobolds
  3 quokkas
  A ball python (D:4)
  A giant cockroach zombie (D:6)
  4 giant newts
  A quokka zombie (D:10)
  3 rats
311 creatures vanquished.

Vanquished Creatures (collateral kills)
  A giant frog (D:9)
  A scorpion (D:9)
  A hound (D:9)
  An adder (D:9)
4 creatures vanquished.

Vanquished Creatures (others)
  An orc (D:5)
  2 gnoll zombies (D:5)
  A plant (Lair:1)
4 creatures vanquished.

Grand Total: 319 creatures vanquished

Notes
Turn   | Place    | Note
--------------------------------------------------------------
     0 | D:1      | sveltemanboy the Ogre Hunter began the quest for the Orb.
     0 | D:1      | Reached XP level 1. HP: 22/22 MP: 1/1
    57 | D:1      | Reached XP level 2. HP: 11/31 MP: 2/2
   413 | D:1      | Reached skill level 1 in Armour
   948 | D:2      | Noticed Jessica
   949 | D:2      | Killed Jessica
   949 | D:2      | Reached skill level 1 in Maces & Flails
   949 | D:2      | Reached XP level 3. HP: 37/37 MP: 3/3
  1055 | D:2      | Found a white marble altar of Elyvilon.
  1124 | D:2      | Found a stormy altar of Qazlal.
  1163 | D:2      | Reached skill level 2 in Maces & Flails
  1163 | D:2      | Reached XP level 4. HP: 48/48 MP: 4/4
  1424 | D:2      | Found a snail-covered altar of Cheibriados.
  1818 | D:3      | Reached skill level 3 in Maces & Flails
  1847 | D:3      | Reached XP level 5. HP: 40/54 MP: 5/5
  2228 | D:3      | Found a sparkling altar of Nemelex Xobeh.
  2756 | D:4      | Reached skill level 4 in Maces & Flails
  2756 | D:4      | Reached XP level 6. HP: 63/63 MP: 6/6
  2877 | D:4      | Reached skill level 5 in Maces & Flails
  3108 | D:4      | Reached skill level 5 in Fighting
  3241 | D:4      | Reached XP level 7. HP: 69/72 MP: 7/7
  3271 | D:4      | Found a staircase to the Ecumenical Temple.
  3284 | Temple   | Entered the Ecumenical Temple
  3292 | Temple   | Became a worshipper of Warmaster Okawaru
  3369 | D:5      | Entered Level 5 of the Dungeon
  3486 | D:5      | Reached skill level 6 in Maces & Flails
  3586 | D:5      | Noticed Pikel
  3623 | D:5      | Reached skill level 1 in Invocations
  3907 | D:5      | Reached skill level 7 in Maces & Flails
  4034 | D:5      | Reached * piety under Okawaru
  4113 | D:5      | Noticed Edmund
  4130 | D:5      | Killed Edmund
  4130 | D:5      | Reached XP level 8. HP: 64/80 MP: 9/9
  4290 | D:5      | Killed Pikel
  4290 | D:5      | Reached ** piety under Okawaru
  4290 | D:5      | Reached skill level 9 in Maces & Flails
  4660 | D:5      | Reached XP level 9. HP: 84/88 MP: 12/12
  4772 | D:5      | Reached skill level 10 in Maces & Flails
  5165 | D:5      | Found a basalt altar of Yredelemnul.
  5226 | D:6      | Identified a +0 rod of clouds (9/9) (You found it on level 6 of the Dungeon)
  5455 | D:6      | Found a bloodstained altar of Trog.
  5605 | D:6      | Reached skill level 5 in Invocations
  5787 | D:6      | Reached *** piety under Okawaru
  5798 | D:6      | Reached skill level 11 in Maces & Flails
  5798 | D:6      | Reached skill level 5 in Dodging
  5846 | D:6      | Reached skill level 1 in Evocations
  6176 | D:6      | Found a burning altar of Makhleb.
  6178 | D:6      | Noticed a blizzard demon
  6437 | D:7      | Noticed Prince Ribbit
  6443 | D:7      | Killed Prince Ribbit
  6666 | D:7      | You fall through a shaft for 2 floors!
  6709 | D:8      | Reached skill level 12 in Maces & Flails
  6746 | D:8      | Found Ippeonk's Antique Armour Shop.
  6960 | D:8      | Reached XP level 10. HP: 96/96 MP: 13/13
  7149 | D:7      | Found a sparkling altar of Nemelex Xobeh.
  7299 | D:7      | Reached **** piety under Okawaru
  7305 | D:7      | Found a sacrificial altar of Ru.
  7451 | D:7      | Received a gift from Okawaru
  7940 | D:8      | Noticed a hill giant
  7970 | D:8      | Killed a hill giant
  7973 | D:8      | Reached skill level 13 in Maces & Flails
  8179 | D:8      | Noticed Psyche
  8182 | D:8      | Killed Psyche
  8235 | D:8      | Found a staircase to the Lair.
  8386 | D:9      | Found a blossoming altar of Fedhas.
  8424 | D:9      | Found a shadowy altar of Dithmenos.
  8848 | D:9      | Found an opulent altar of Gozag.
  8909 | D:9      | Reached ***** piety under Okawaru
  9061 | D:9      | Found an ancient bone altar of Kikubaaqudgha.
  9190 | D:10     | Entered Level 10 of the Dungeon
  9395 | D:10     | Reached XP level 11. HP: 107/109 MP: 15/15
  9427 | D:10     | Reached skill level 14 in Maces & Flails
  9616 | D:10     | Killed an unseen horror
  9728 | D:10     | Noticed a hill giant
  9758 | D:10     | Killed a hill giant
  9758 | D:10     | Received a gift from Okawaru
  9770 | D:10     | Got a slimy robe {god gift}
  9822 | D:10     | Identified the +1 robe of Honour {rF+ rCorr Slay-3} (Okawaru gifted it to you on level 10 of the Dungeon)
  9946 | D:10     | You fall through a shaft for 2 floors!
  9946 | D:12     | Noticed Nessos
  9948 | D:12     | Noticed a hill giant
  9997 | D:11     | Noticed a hill giant
  9997 | D:11     | Noticed a cyclops
 10014 | D:10     | Killed a hill giant
 10240 | D:10     | Noticed a hill giant
 10243 | D:10     | Killed a hill giant
 10243 | D:10     | Reached skill level 15 in Maces & Flails
 10243 | D:10     | Reached skill level 5 in Evocations
 10615 | D:10     | Found a staircase to the Orcish Mines.
 10798 | Lair:1   | Entered Level 1 of the Lair of Beasts
 10828 | Lair:1   | Noticed Urug
 10973 | Lair:1   | Noticed a six-headed hydra
 10976 | Lair:1   | Noticed a six-headed hydra
 11004 | Lair:1   | Killed a six-headed hydra
 11038 | Lair:1   | Killed a six-headed hydra
 11054 | Lair:1   | Killed Urug
 11054 | Lair:1   | Reached skill level 16 in Maces & Flails
 11054 | Lair:1   | Reached XP level 12. HP: 42/118 MP: 14/17
 11279 | Lair:1   | Gained mutation: You are weak. (Str -2) [potion of mutation]
 11279 | Lair:1   | Gained mutation: Your mind is acute. (Int +2) [potion of mutation]
 11279 | Lair:1   | Lost mutation: You are weak. (Str -2) [potion of mutation]
 11541 | Lair:1   | Noticed a seven-headed hydra
 11564 | Lair:1   | Killed a seven-headed hydra
 11564 | Lair:1   | Received a gift from Okawaru
 12163 | Lair:2   | Found a dark tunnel.
 12171 | Volcano  | Entered a volcano
 12250 | Volcano  | HP: 3/118 [two-headed ogre/great mace of flaming (3)]
 12251 | Volcano  | Slain by a centaur

Skill      XL: |  1  2  3  4  5  6  7  8  9 10 11 12 |
---------------+-------------------------------------+-----
Fighting       | 3 4 5 7 |  7.0
Dodging        | 2 3 4 5 6 7 |  7.8
Armour         | 1 2 3 |  3.0
Maces & Flails | 1 2 3 4 5 7 9 12 13 16 | 16.9
Invocations    | 2 4 5 7 8 |  8.2
Evocations     | 2 4 5 |  5.6
Throwing       | |  4.0
Stealth        | |  0.7

Action                   |  1- 3 |  4- 6 |  7- 9 | 10-12 || total
-------------------------+-------+-------+-------+-------++-------
Melee: Unarmed           |    29 |       |       |       ||    29
       Whip              |    54 |   149 |   244 |   666 ||  1113
       Club              |     4 |       |       |       ||     4
       Punch             |       |       |       |     1 ||     1
Throw: Large rock        |    11 |     7 |    17 |    20 ||    55
       Stone             |       |    44 |   101 |    13 ||   158
       Throwing net      |       |       |     3 |     4 ||     7
       Tomahawk          |       |       |       |    27 ||    27
       Javelin           |       |       |       |    12 ||    12
Invok: Heroism           |       |       |     1 |     3 ||     4
Evoke: Rod               |       |       |     1 |     7 ||     8
       Wand              |       |       |       |    11 ||    11
       Phial of floods   |       |       |       |     1 ||     1
  Use: Scroll            |     3 |     4 |     5 |     8 ||    20
       Potion            |       |       |       |    14 ||    14
 Stab: Sleeping          |       |     2 |       |     1 ||     3
  Eat: Chunk             |     1 |     6 |    13 |    16 ||    36
       Beef jerky        |       |       |       |     2 ||     2
       Pizza             |       |       |       |     1 ||     1
Armor: Robe              |    37 |    30 |    36 |    92 ||   195
       Skin              |       |       |       |    21 ||    21
Dodge: Dodged            |    54 |    62 |    78 |   218 ||   412
